 Dungeon Crawl Stone Soup version 0.31-a0-981-geadf994 (webtiles) character file.

Game seed: 17241227892816705225

707 PurpleRed the Slasher (level 7, 0/44 HPs)
             Began as a Deep Elf Berserker on Oct 31, 2023.
             Was a Believer of Trog.
             Killed from afar by an orc wizard (4 damage)
             ... with a magic dart
             ... on level 7 of the Dungeon.
             The game lasted 00:17:42 (2353 turns).

PurpleRed the Slasher (Deep Elf Berserker)          Turns: 2353, Time: 00:17:43

Health: 0/44       AC:  6    Str: 14    XL:     7   Next: 39%
Magic:  0/9        EV:  9    Int: 12    God:    Trog [**....]
Gold:   63         SH:  7    Dex: 16    Spells: 6/6 levels left

rFire   . . .        j - +1 long sword
rCold   . . .        h - +2 buckler {reflect}
rNeg    . . .        o - +0 scale mail
rPois   .            (no helmet)
rElec   .            u - scarf {harm}
rCorr   .            (no gloves)
SInv    .            (no boots)
Will    .....        n - amulet of guardian spirit Stlth
                     q - ring of flight
HPRegen 0.27/turn    (no ring)
MPRegen 0.11/turn

%: harm (+30% outgoing, +20% incoming), reflection, guardian spirit
@: flying
A: no striking features
a: Renounce Religion, Berserk, Trog's Hand


You were on level 7 of the Dungeon.
You worshipped Trog.
Trog was pleased with you.
You visited 1 branch of the dungeon, and saw 8 of its levels.

You collected 261 gold pieces.
You spent 198 gold pieces at shops.

Inventory:

Hand Weapons
 a - a +0 falchion
 c - a +1 dagger of protection
 j - a +1 long sword (weapon)
Missiles
 k - 6 poisoned darts
Armour
 b - a +0 animal skin
 f - a +0 chain mail
 h - a +2 buckler of reflection (worn)
 o - a +0 scale mail (worn)
 s - a +0 kite shield
 u - a scarf of harm (worn)
Jewellery
 n - an amulet of guardian spirit (around neck)
 q - a ring of flight (left hand)
Wands
 t - a wand of flame (27)
Scrolls
 d - 2 scrolls of vulnerability
 e - 2 scrolls of fog {unknown}
 v - a scroll of teleportation {unknown}
Potions
 g - a potion of haste
 i - a potion of resistance
 l - a potion of curing
 m - a potion of mutation
 p - 2 potions of brilliance {unknown}
 w - a potion of cancellation {unknown}


   Skills:
 + Level 4.4 Fighting
 * Level 6.4 Long Blades
 - Level 1.5 Armour
 - Level 2.4 Dodging
 + Level 1.8 Shields


You had 6 spell levels left.
You didn't know any spells.
Your spell library contained the following spells:

 Spells                   Type           Power      Damage    Failure   Level
 Apportation              Tloc           0%         N/A       89%         1
 Necrotise                Necr           0%         1d4       89%         1
 Summon Small Mammal      Summ           0%         N/A       89%         1
 Hailstorm                Conj/Ice       0%         3d3       99%         3
 Summon Ice Beast         Ice/Summ       0%         N/A       100%        4
 Simulacrum               Ice/Necr       0%         N/A       100%        6


Dungeon Overview and Level Annotations

Branches:
Dungeon (8/15)
 Temple: D:4-7         Lair: D:8-11

Altars:
Dithmenos

Shops:
D:3 *   D:7 *   D:8 (


Message History

As you read the scroll of fear, it crumbles to dust.
You assume a fearsome visage.
The yak looks frightened!
The orc warrior looks frightened!
The orc wizard looks frightened!
The orc looks frightened! x3
The orc wizard pleads, "Please don't kill me!"
The orc wizard casts a spell.
The orc wizard flickers and vanishes!
Deactivating autopickup; reactivate with Ctrl-A.
Found 16 gold pieces and a quarterstaff.
Cornered, the yak turns to fight!
You hear some strange, mumbled words.
Something tries to affect you, but you resist.
The orc wizard casts a spell.
The orc wizard flickers and vanishes!
An orc comes into view. It is wielding a +0 mace.
Found a stone staircase leading down.
The orc shouts!
The centaur shouts!
You hear a shout! x2
The centaur shoots an arrow.
You block the arrow with your +2 buckler of reflection... and reflect it back!
The arrow hits the centaur!
A magic dart appears from out of thin air!
The magic dart hits you.
* * * LOW HITPOINT WARNING * * *
The centaur shoots an arrow.
The arrow barely misses you.
The boulder beetle curls into a ball and begins rolling!
The centaur shoots an arrow.
The arrow hits you.
* * * LOW HITPOINT WARNING * * *
The centaur shoots an arrow.
You block the arrow with your +2 buckler of reflection... and reflect it back!
The arrow hits the centaur!
The boulder beetle stops rolling and uncurls.
The orc attacks as it pursues you! The orc closely misses you.
The orc attacks as it pursues you! The orc barely misses you.
The centaur shoots an arrow.
The centaur shoots an arrow.
The arrow hits you.
* * * LOW HITPOINT WARNING * * *
You hear some strange, mumbled words.
A magic dart appears from out of thin air!
The magic dart hits you.
You die... ##.).##..$## ... ### ##..........#####.# bbb

#........[....o#.%. #b#
# #............#.oo..
##bb#
#.####......).....#...o[
##bb#
...##..............$..
#..# ..... .?##. .....#
#....# #..∩.##.


You could see a boulder beetle and an orc.

Vanquished Creatures
  A black bear (D:6)
  An orc warrior (D:8)
  An ogre (D:6)
  A centaur (D:8)
  A scorpion (D:5)
  2 hounds
  A jelly (D:4)
  A gnoll bouda (D:8)
  2 sleepcaps (D:5)
  5 adders
  3 gnolls (D:8)
  3 worms
  2 dart slugs
  10 orcs
  4 bats (D:3)
  3 endoplasms
  A giant cockroach (D:3)
  4 goblins
  2 hobgoblins
  2 jackals (D:3)
  2 quokkas
  2 ball pythons (D:3)
  2 kobolds
  A rat (D:2)
57 creatures vanquished.

Notes
Turn   | Place    | Note
-------+----------+-------------------------------------------
     0 | D:1      | PurpleRed the Deep Elf Berserker began the quest for the
                  | Orb.
     0 | D:1      | Reached XP level 1. HP: 13/13 MP: 3/3
   114 | D:2      | Reached skill level 3 in Long Blades
   231 | D:3      | Reached XP level 2. HP: 18/18 MP: 4/4
   337 | D:3      | Reached XP level 3. HP: 17/22 MP: 5/5
   734 | D:4      | Reached skill level 4 in Long Blades
   734 | D:4      | Reached XP level 4. HP: 25/28 MP: 6/6
   748 | D:5      | Entered Level 5 of the Dungeon
  1013 | D:4      | Reached XP level 5. HP: 32/32 MP: 7/7
  1121 | D:3      | Found Estroh's Assorted Antiques.
  1129 | D:3      | Bought a scroll labelled AZXEFREORGH for 20 gold pieces
  1129 | D:3      | Bought a smoky yellow potion for 18 gold pieces
  1397 | D:5      | Reached ** piety under Trog
  1436 | D:5      | Reached skill level 5 in Long Blades
  1447 | D:5      | Found a shadowy altar of Dithmenos.
  1470 | D:5      | Reached XP level 6. HP: 37/38 MP: 8/8
  1810 | D:3      | Bought a glowing scarf for 160 gold pieces
  2005 | D:6      | Reached skill level 1 in Shields
  2054 | D:7      | Noticed a steam dragon
  2065 | D:7      | Noticed a two-headed ogre
  2065 | D:7      | Noticed a boulder beetle
  2095 | D:7      | Noticed an orc warrior
  2095 | D:7      | Found Buqapuf's Assorted Antiques.
  2105 | D:8      | Killed an orc warrior
  2106 | D:8      | Reached skill level 6 in Long Blades
  2106 | D:8      | Reached XP level 7. HP: 8/43 MP: 9/9
  2279 | D:8      | Found Peysodya's Antique Weapon Shop.
  2319 | D:8      | Noticed a yak
  2320 | D:8      | Noticed a yak
  2320 | D:8      | Noticed a yak
  2353 | D:7      | Killed from afar by an orc wizard

Illustrated notes

Levels and vault maps discovered:
D:1:      minmay_arrival_split_and_join, layout_basic
D:2:      layout_basic, minmay_snake_closets
D:3:      layout_basic, serial_shops, nicolae_square_shop
D:4:      layout_basic
D:5:      cheibrodos_quashed, layout_gridville, grunt_dithmenos_smoke,
          minmay_temple_entry_trees
D:6:      layout_basic
D:7:      layout_rooms, enter_ossuary_1, serial_shops, shop, enter_bailey_4
D:8:      layout_loops_corners, serial_shops, shop

Skill      XL: |  1  2  3  4  5  6 |
---------------+-------------------+-----
Long Blades    | 3 4 5 6 |  6.4
Fighting       | 3 4 |  4.4
Shields        | 1 |  1.8
Armour         | |  1.5
Dodging        | |  2.4

Action                     |  1- 3 |  4- 6 |  7- 9 || total
---------------------------+-------+-------+-------++-------
  Melee: Dagger            |   126 |       |       ||   126
         Falchion          |     1 |       |       ||     1
         Long sword        |     6 |    91 |    18 ||   115
         Punch             |     2 |       |       ||     2
 Invoke: Berserk           |     1 |     4 |       ||     5
    Use: Scroll            |     3 |     8 |     1 ||    12
         Potion            |       |       |     1 ||     1
 Armour: Animal skin       |     9 |       |       ||     9
         Chain mail        |    88 |    23 |       ||   111
         Scale mail        |       |    41 |    31 ||    72
  Dodge: Dodged            |    53 |    41 |    16 ||   110
  Block: Kite shield       |       |    18 |    25 ||    43
         Buckler           |       |       |     2 ||     2
         Reflection        |       |       |     2 ||     2

Table legend: (Time is in decaauts)
 A = Elapsed time spent in this place.
 B = Non-inter-level travel time spent in this place.
 C = Inter-level travel time spent in this place.
 D = Time resting spent in this place.
 E = Time spent auto-exploring this place.
 F = Levels seen in this place.
 G = Mean time per level.
                   A        B        C        D        E       F      G
               +--------+--------+--------+--------+--------+-----+--------+
         Total |   2423 |   2194 |    229 |    100 |      0 |   8 |  302.9 |
       Dungeon |   2423 |   2194 |    229 |    100 |      0 |   8 |  302.9 |
               +--------+--------+--------+--------+--------+-----+--------+

Top non-repeatable levels by time:
     D:4: 627 daAuts
     D:3: 562 daAuts
     D:5: 414 daAuts
     D:6: 257 daAuts
     D:8: 246 daAuts
     D:2: 195 daAuts
     D:1: 85 daAuts
     D:7: 34 daAuts
